 Dungeon Crawl Stone Soup version 0.18.1-5-g4a78601 (webtiles) character file.

641 Etesian the Gusty (level 7, 0/36 HPs)
             Began as a Tengu Air Elementalist on May 14, 2016.
             Was an Initiate of Sif Muna.
             Killed by their own static electricity (2 damage)
             ... on level 5 of the Dungeon.
             The game lasted 00:16:55 (5262 turns).

Etesian the Gusty (Tengu Air Elementalist)          Turns: 5262, Time: 00:16:55

Health: 0/36       AC:  4    Str:  8    XL:     7   Next: 51%
Magic:  1/12       EV: 13    Int: 17    God:    Sif Muna [......]
Gold:   147        SH:  0    Dex: 15    Spells: 4 memorised, 0 levels left

rFire  . . .     SeeInvis .     a - +1 short sword (elec)
rCold  . . .     Gourm    .     h - +0 robe
rNeg   . . .     Faith    .     (no shield)
rPois  .         Spirit   .     (helmet restricted)
rElec  .         Dismiss  .     m - +1 cloak
rCorr  .         Reflect  .     (no gloves)
SustAt .         Harm     .     (boots unavailable)
MR     .....                    (no amulet)
Stlth  ++........               (no ring)
                                (no ring)

@: not resistant to hostile enchantments, unstealthy
A: beak, talons 3, able to fly 1
a: Fly, Renounce Religion


You were on level 5 of the Dungeon.
You worshipped Sif Muna.
Sif Muna was noncommittal.
You were very hungry.

You visited 2 branches of the dungeon, and saw 6 of its levels.

You collected 147 gold pieces.

Inventory:

Hand Weapons
 a - a +1 short sword of electrocution (weapon)
Armour
 h - a +0 robe (worn)
 m - a +1 cloak (worn)
 p - a +0 buckler
Scrolls
 g - a scroll of fog
 o - a scroll of identify
Potions
 d - 2 potions of brilliance
 e - 4 potions of flight
 i - 2 potions of heal wounds
 j - a potion of invisibility
 k - a potion of haste
 l - a potion of resistance
 n - a potion of curing
Books
 b - a book of Air

   Spells                             Type                      Level
   a - Shock                          Conjuration/Air              1
   b - Swiftness                      Charms/Air                   2
   c - Repel Missiles                 Charms/Air                   2
   d - Static Discharge               Conjuration/Air              3
   e - Lightning Bolt                 Conjuration/Air              5
Comestibles
 c - 2 bread rations
 f - 3 meat rations


   Skills:
 - Level 3.5 Dodging
 - Level 2.0 Stealth
 - Level 2.9 Spellcasting
 * Level 6.7 Conjurations
 * Level 7.5 Air Magic


You couldn't memorise any spells.
You knew the following spells:

 Your Spells              Type           Power        Failure   Level  Hunger
a - Shock                 Conj/Air       ####         1%          1    #......
b - Repel Missiles        Chrm/Air       ###...       6%          2    ##.....
d - Static Discharge      Conj/Air       ####....     3%          3    ###....
e - Lightning Bolt        Conj/Air       ####......   30%         5    ######.


Dungeon Overview and Level Annotations

Branches:
Dungeon (5/15)             Temple (1/1) D:5

Altars:
Ashenzari
Cheibriados
Dithmenos
Elyvilon
Fedhas
Gozag
Kikubaaqudgha
Nemelex Xobeh
Okawaru
Pakellas
Qazlal
Ru
Sif Muna
Trog
Vehumet
Xom
Yredelemnul
Zin
The Shining One

Annotations:
D:4 subsebi's ghost, amateur DsCK


Innate Abilities, Weirdness & Mutations

You have a beak for a mouth.
You have claws for feet.
You can fly.


Message History

You see here a scroll of identify.
Casting: Static Discharge
Confirm with . or Enter, or press ? or * to list all spells.
Aiming: Shock
Press: ? - help, Shift-Dir - straight line, f - worker ant
Aim: a worker ant That beam is likely to hit you.
Continue anyway?
The zap hits the worker ant.
The worker ant appears unharmed.
The zap hits the worker ant.
The worker ant is lightly wounded.
The zap hits you!
* * * LOW HITPOINT WARNING * * *
The worker ant barely misses you.
You take 8 damage, and have 2/36 hp.
MASSIVE DAMAGE!!
Casting: Shock
Confirm with . or Enter, or press ? or * to list all spells.
The worker ant is struck by lightning.
The worker ant is heavily wounded.
The lightning arcs!
You are struck by lightning.
You die...

.....<....... ...
############# ... # #
#.# .# # #.# .# # # #
#####.##.#.#.# #
##............. # ##.
#........... #
#..###...)...... #
#...#.@a#.......
#$#..$#.........
#.##.####.......
#.##.## .......
#######.#...## .##.#.#
#.....#..#.#.##.# .# #
###+###...........# #
###.....#.##.#.#.#..#
..#.###.#.###...##....


You could see a worker ant.

Vanquished Creatures
  An ice beast (D:4)
  2 ogres
  2 orc wizards (D:4)
  Ijyb (D:3)
  4 worker ants (D:4)
  A worker ant zombie (D:4)
  A gnoll (D:1)
  7 adders
  3 oozes
  A dart slug (D:1)
  3 giant geckos
  11 orcs
  6 bats
  A bat zombie (D:1)
  5 giant cockroaches
  13 goblins
  7 hobgoblins
  11 jackals
  11 kobolds
  A quokka (D:4)
  A ball python (D:3)
  A giant cockroach zombie (D:1)
  A giant gecko skeleton (D:4)
  8 giant newts
  12 rats
115 creatures vanquished.

Notes
Turn   | Place    | Note
--------------------------------------------------------------
     0 | D:1      | Etesian the Tengu Air Elementalist began the quest for the Orb.
     0 | D:1      | Reached XP level 1. HP: 10/10 MP: 4/4
   450 | D:1      | Reached XP level 2. HP: 15/15 MP: 3/6
   871 | D:1      | Reached XP level 3. HP: 18/19 MP: 7/7
   988 | D:1      | Learned a level 3 spell: Static Discharge
  1811 | D:2      | Reached skill level 5 in Air Magic
  1811 | D:2      | Reached XP level 4. HP: 21/24 MP: 4/8
  2506 | D:3      | Found a faded altar to an unknown god.
  2670 | D:3      | Gained mutation: You can fly. [Tengu growth]
  2670 | D:3      | Reached XP level 5. HP: 28/28 MP: 9/9
  2774 | D:3      | Noticed Ijyb
  2783 | D:3      | Killed Ijyb
  2819 | D:4      | Noticed an ogre
  2975 | D:4      | Reached skill level 6 in Air Magic
  2980 | D:4      | Found a bloodstained altar of Trog.
  2980 | D:4      | Found a glowing silver altar of Zin.
  3209 | D:4      | Killed an ogre
  3209 | D:4      | Reached skill level 5 in Conjurations
  3209 | D:4      | Reached XP level 6. HP: 31/32 MP: 2/10
  3216 | D:4      | Learned a level 5 spell: Lightning Bolt
  3688 | D:4      | Found a sparkling altar of Nemelex Xobeh.
  3689 | D:4      | Noticed subsebi's ghost (amateur DsCK)
  4022 | D:4      | Noticed an ice beast
  4028 | D:4      | Killed an ice beast
  4028 | D:4      | Reached XP level 7. HP: 36/36 MP: 1/12
  4050 | D:4      | Learned a level 2 spell: Repel Missiles
  4071 | D:4      | Reached skill level 7 in Air Magic
  4975 | D:5      | Entered Level 5 of the Dungeon
  5004 | D:5      | Found a staircase to the Ecumenical Temple.
  5009 | Temple   | Entered the Ecumenical Temple
  5063 | Temple   | Became a worshipper of Sif Muna the Loreminder
  5262 | D:5      | Killed from afar by themself

Skill      XL: |  1  2  3  4  5  6  7 |
---------------+----------------------+-----
Conjurations   | 2 3 4 5 6 |  6.7
Air Magic      | 5 6 7 |  7.5
Dodging        | 3 |  3.5
Stealth        | |  2.0
Spellcasting   | |  2.9

Action                   |  1- 3 |  4- 6 |  7- 9 || total
-------------------------+-------+-------+-------++-------
Melee: Unarmed           |    14 |       |       ||    14
       Kick              |     7 |    19 |     4 ||    30
       Peck              |     4 |    10 |     3 ||    17
       Short sword       |    40 |    84 |    26 ||   150
 Cast: Shock             |    44 |    66 |    14 ||   124
       Static Discharge  |       |     3 |     7 ||    10
       Lightning Bolt    |       |     1 |       ||     1
  Use: Scroll            |     3 |     8 |     5 ||    16
 Stab: Sleeping          |     7 |     3 |     1 ||    11
  Eat: Chunk             |     4 |     8 |     4 ||    16
Armor: Robe              |    11 |    18 |     5 ||    34
Dodge: Dodged            |    42 |    68 |    21 ||   131
